 Dungeon Crawl Stone Soup version 0.22-a0-362-g535178c (webtiles) character file.

23265 Borgoz the Fighter (level 12, -1/112 HPs)
             Began as a Minotaur Abyssal Knight on Apr 21, 2018.
             Was a High Priest of Lugonu.
             Engulfed by an ice statue's freezing vapour (18 damage)
             ... on level 2 of the Lair of Beasts.
             The game lasted 00:36:03 (16926 turns).

Borgoz the Fighter (Minotaur Abyssal Knight)       Turns: 16926, Time: 00:36:03

Health: -1/112     AC: 12    Str: 22    XL:     12   Next: 70%
Magic:  18/18      EV: 17    Int:  9    God:    Lugonu [*****.]
Gold:   481        SH:  0    Dex: 15    Spells: 11/11 levels left

rFire    + . .     SeeInvis .   a - +2 hand axe
rCold    . . .     Gourm    .   (no shield)
rNeg     . . .     Faith    .   d - +1 scale mail
rPois    .         Spirit   .   (helmet restricted)
rElec    .         Reflect  .   M - +1 cloak
rCorr    .         Harm     .   (no gloves)
MR       .....                  (no boots)
Stlth    ..........             (no amulet)
HPRegen  0.28/turn              J - ring of protection from fire
MPRegen  0.16/turn              (no ring)

@: mighty, flying
A: retaliatory headbutt, horns 2
a: Depart the Abyss, Bend Space, Banish, Corrupt, Enter the Abyss, Renounce
Religion


You were on level 2 of the Lair of Beasts.
You worshipped Lugonu.
Lugonu was extremely pleased with you.
You were very hungry.

You visited 3 branches of the dungeon, and saw 13 of its levels.
You visited the Abyss 1 time.
You also visited: Ossuary.

You collected 633 gold pieces.
You spent 152 gold pieces at shops.

Inventory:

Hand Weapons
 a - a +2 hand axe (weapon)
Armour
 d - a +1 scale mail (worn)
 M - a +1 cloak (worn)
Jewellery
 J - a ring of protection from fire (left hand)
Wands
 o - a wand of flame (26)
 s - a wand of disintegration (27)
 x - a wand of digging (9)
 E - a wand of iceblast (21)
Scrolls
 b - a scroll of remove curse
 e - a scroll of identify
 f - 5 scrolls of teleportation
 j - 2 scrolls of summoning {unknown}
 n - 4 scrolls of fear
 q - 2 scrolls of blinking
 y - 3 scrolls of enchant armour
 G - 2 scrolls of magic mapping
 L - 3 scrolls of fog
Potions
 p - 3 potions of might
 v - a potion of magic {unknown}
 z - 4 potions of resistance {unknown}
 C - a potion of haste {unknown}
 F - a potion of mutation {unknown}
 K - a potion of ambrosia
 O - a potion of agility
Comestibles
 c - 18 rations


   Skills:
 + Level 12.1 Fighting
 + Level 11.8 Axes
 + Level 11.8 Armour
 + Level 10.8 Dodging
 + Level 9.3 Invocations


You had 11 spell levels left.
You didn't know any spells.

Dungeon Overview and Level Annotations

Branches:
Dungeon (10/15)            Temple (1/1) D:5            Lair (2/6) D:8
  Snake (0/4) Lair:2
  Swamp: Lair:2-4    Shoals: Lair:2-4       Orc: D:9-12

Altars:
Ashenzari
Cheibriados
Dithmenos
Elyvilon
Fedhas
Gozag
Hepliaklqana
Kikubaaqudgha
Makhleb
Nemelex Xobeh
Okawaru
Qazlal
Ru
Sif Muna
Trog
Uskayaw
Vehumet
Wu Jian
Xom
Yredelemnul
Zin
The Shining One

Shops:
D:5 [?[?*

Annotations:
D:9 TheNamelessOne's ghost, journeyman TrCK
D:10 Sonja
Lair:2 exclusion: ice statue


Innate Abilities, Weirdness & Mutations

You reflexively headbutt those who attack you in melee.
You have a pair of horns on your head.


Message History

You slice the ice statue!!
The ice statue is heavily damaged.
You completely miss the ice beast. You hit the ice beast.
You slash the ice beast!
You kill the ice beast!
You are engulfed in freezing vapours.
The ice beast hits you but does no damage.
The ice statue gestures at you. The bolt of cold hits you!
* * * LOW HITPOINT WARNING * * *
You hit the ice statue. You headbutt the ice statue.
The ice statue is severely damaged.
You hit the ice beast. x2; You are engulfed in freezing vapours.
* * * LOW HITPOINT WARNING * * *
The ice beast misses you. You furiously retaliate!
You headbutt the ice beast. The ice beast closely misses you.
You furiously retaliate!
You headbutt the ice beast!
Okay, then.
You feel better.
You are engulfed in freezing vapours.
You die...

....................#
...........)........#
≈####################
## # ###### ##
##≈}==# ≈### ##≈§!§}#
≈≈≈## #≈§§§# ≈≈≈≈####
##≈Y@## #≈≈≈≈≈≈##
###≈≈Y§8#
##≈≈≈≈≈≈###≈≈≈≈≈###
###≈≈≈≈≈≈≈≈≈≈≈##
###≈≈≈≈≈≈≈###
###≈≈≈### #####


You could see an ice statue and 2 ice beasts.

Vanquished Creatures
  Josephine (D:9)
  A two-headed ogre (D:9)
  Erica (D:8)
  2 black mambas
  Maurice (D:8)
  5 spiny frogs
  2 trolls
  Sigmund (D:6)
  12 yaks
  A human (D:8)
  4 hogs (D:8)
  3 wraiths (D:9)
  2 basilisks
  3 nagas (Lair:2)
  2 water moccasins
  3 porcupines
  4 sky beasts
  3 black bears
  2 ice beasts
  4 ogres
  4 centaurs
  11 wolves
  6 crocodiles
  10 bullfrogs
  A gnoll sergeant (D:9)
  A wyvern zombie (D:9)
  3 scorpions
  3 wights (D:6)
  4 howler monkeys
  3 crimson imps (D:8)
  2 centaur zombies (Ossuary)
  6 orc priests
  5 hounds
  2 human zombies (Ossuary)
  3 jellies
  8 orc wizards
  Crazy Yiuf (D:3)
  A gnoll shaman (D:5)
  2 iguanas
  14 worker ants
  A big kobold zombie (Ossuary)
  3 hound zombies
  4 mummies
  11 adders
  16 gnolls
  6 adder zombies
  2 oozes
  3 adder skeletons
  3 worms
  A dart slug (D:3)
  4 leopard geckos
  21 orcs
  6 bats
  8 giant cockroaches
  8 goblins
  9 hobgoblins
  8 jackals
  6 quokkas
  2 ball pythons
  2 frilled lizards
  3 gnoll zombies (Ossuary)
  5 goblin zombies (Ossuary)
  7 hobgoblin zombies
  A jackal zombie (Ossuary)
  7 kobolds
  3 kobold zombies (Ossuary)
  A leopard gecko skeleton (D:6)
  A leopard gecko zombie (D:9)
  4 orc zombies
  5 quokka zombies
  9 rats
  A rat zombie (Ossuary)
  A fungus (D:8)
  2 plants (D:8)
321 creatures vanquished.

Vanquished Creatures (others)
  An oklob plant (Lair:1)
  A yak (Lair:2)
  A basilisk (D:8)
  A porcupine (D:7)
  A sky beast (D:8)
  3 orc warriors
  A crocodile (D:9)
  A bush (D:5)
10 creatures vanquished.

Grand Total: 331 creatures vanquished

Notes
Turn   | Place    | Note
-------+----------+-------------------------------------------
     0 | Abyss:1  | Borgoz the Minotaur Abyssal Knight began the quest for the Orb.
     0 | Abyss:1  | Reached XP level 1. HP: 19/19 MP: 1/1
   135 | Abyss:2  | Noticed a spatial vortex
   137 | D:1      | Escaped the Abyss
   270 | D:1      | Reached XP level 2. HP: 24/27 MP: 2/2
   346 | D:1      | Reached * piety under Lugonu
  1085 | D:2      | Found a burning altar of Makhleb.
  1101 | D:2      | Found a snail-covered altar of Cheibriados.
  1104 | D:2      | Reached skill level 4 in Fighting
  1139 | D:2      | Reached XP level 3. HP: 31/33 MP: 3/3
  1687 | D:3      | Reached ** piety under Lugonu
  1947 | D:3      | Found a runed door.
  2181 | D:3      | Reached XP level 4. HP: 39/40 MP: 4/4
  2606 | D:3      | Reached XP level 5. HP: 21/47 MP: 6/6
  2636 | D:3      | Noticed a phantom
  2661 | D:3      | HP: 1/47 [gnoll/club (5)]
  3017 | D:3      | Reached skill level 8 in Fighting
  3017 | D:3      | Reached XP level 6. HP: 12/61 MP: 6/8
  3461 | D:3      | Noticed Crazy Yiuf
  3467 | D:3      | Killed Crazy Yiuf
  3467 | D:3      | Reached skill level 5 in Invocations
  3645 | D:4      | Found a stormy altar of Qazlal.
  3775 | D:4      | Reached XP level 7. HP: 58/68 MP: 9/9
  3777 | D:4      | Reached *** piety under Lugonu
  4265 | D:5      | Entered Level 5 of the Dungeon
  4265 | D:5      | Found Wusutaz's Armour Shop.
  4284 | D:5      | Found a white marble altar of Elyvilon.
  4319 | D:5      | Paralysed by an orc wizard for 4 turns
  4331 | D:5      | Paralysed by an orc wizard for 2 turns
  4353 | D:5      | Reached XP level 8. HP: 29/75 MP: 6/11
  4462 | D:5      | Found a sand-covered staircase.
  4466 | Ossuary  | Entered an ossuary
  4653 | Ossuary  | Reached **** piety under Lugonu
  4966 | D:5      | Found Taprab's Magic Scroll Shop.
  4972 | D:5      | Bought a scroll of teleportation for 33 gold pieces
  4972 | D:5      | Bought a scroll of teleportation for 33 gold pieces
  4972 | D:5      | Bought a scroll of identify for 22 gold pieces
  4972 | D:5      | Bought a scroll of identify for 22 gold pieces
  5461 | D:5      | Found Uleg's Magic Scroll Shop.
  5465 | D:5      | Bought a scroll of teleportation for 42 gold pieces
  5483 | D:5      | Found Cech's General Store.
  5502 | D:5      | Found Sisupiomn's Armour Shop.
  5790 | D:5      | Found a staircase to the Ecumenical Temple.
  5799 | Temple   | Entered the Ecumenical Temple
  5973 | D:6      | Noticed Sigmund
  5983 | D:6      | Killed Sigmund
  5983 | D:6      | Reached skill level 9 in Fighting
  6259 | D:6      | Reached XP level 9. HP: 78/83 MP: 12/12
  6605 | D:6      | Found a blossoming altar of Fedhas.
  7336 | D:7      | Got a smoking cloak
  7347 | D:7      | Identified the +2 cloak "Ameur" {rElec rPois Slay-6 Stlth+} (You found it on level 7 of the Dungeon)
  7568 | D:7      | Found an opulent altar of Gozag.
  7602 | D:7      | Reached ***** piety under Lugonu
  7976 | D:8      | Found a staircase to the Lair.
  8611 | D:8      | Reached XP level 10. HP: 71/92 MP: 13/13
  8637 | D:8      | Noticed Maurice
  8915 | D:8      | Killed Maurice
  9086 | D:8      | Noticed Erica
  9125 | D:8      | Killed Erica
  9125 | D:8      | Reached skill level 10 in Fighting
 10050 | D:9      | Noticed a two-headed ogre
 10069 | D:9      | Killed a two-headed ogre
 10069 | D:9      | Reached skill level 10 in Armour
 10298 | D:9      | Reached skill level 10 in Axes
 10557 | D:9      | Found a sparkling altar of Nemelex Xobeh.
 10642 | D:9      | Found a hazy altar of Hepliaklqana.
 10642 | D:9      | Found a snail-covered altar of Cheibriados.
 10646 | D:9      | Found a shimmering altar of Xom.
 10799 | D:9      | Noticed TheNamelessOne's ghost (journeyman TrCK)
 11330 | D:10     | Entered Level 10 of the Dungeon
 11336 | D:10     | Noticed Sonja
 11363 | D:9      | HP: 2/94 [crocodile (13)]
 11413 | D:9      | Reached skill level 11 in Fighting
 11413 | D:9      | Reached XP level 11. HP: 28/102 MP: 14/16
 11769 | D:10     | Noticed Josephine
 11867 | D:9      | Reached XP level 12. HP: 81/110 MP: 17/17
 12042 | D:9      | Reached skill level 10 in Dodging
 12222 | D:9      | Killed Josephine
 12932 | Lair:1   | Entered Level 1 of the Lair of Beasts
 15093 | Lair:2   | Found a staircase to the Snake Pit.
 15126 | Lair:2   | Reached skill level 12 in Fighting
 16904 | Lair:2   | Found the ring of the Mage {Wiz MR++ Int+3}
 16926 | Lair:2   | Engulfed by an ice statue's freezing vapour

Vault maps used:
D:1:      giann_bridges
D:2:      lemuel_round_altar, cheibriados_altar_1
D:3:      minmay_joined_circles, uniq_crazy_yiuf_cottage
D:4:      grunt_qazlal_clouds, first_ration
D:5:      elyvilon_altar_1, minmay_temple_entry_poolview, serial_shops, shop,
          nicolae_shop_temple_entry_statues_fountains, nicolae_shop_trees, shop,
          shop_fountains, nicolae_ossuary_entry_giza
D:6:      fedhas_altar_4, uniq_sigmund
D:7:      grunt_gozag_statues
D:8:      minmay_lair_entry_grove, grunt_livestock, uniq_erica, uniq_maurice
D:9:      lemuel_round_altar, minitemple
D:10:     uniq_josephine, uniq_sonja
Temple:   cyrus_circular_temple
Lair:1:   st_stairs_3
Lair:2:   statuecave_lemuel, guppyfry_snake_entry_island
Ossuary:  minmay_ossuary_two_tombs

Skill      XL: |  1  2  3  4  5  6  7  8  9 10 11 12 |
---------------+-------------------------------------+-----
Invocations    | 2 4 5 6 8 9 |  9.3
Fighting       | 4 8 9 11 12 | 12.1
Armour         | 3 7 8 9 10 11 | 11.8
Axes           | 3 7 8 9 10 11 | 11.8
Dodging        | 2 6 7 8 9 10 | 10.8

Action                   |  1- 3 |  4- 6 |  7- 9 | 10-12 || total
-------------------------+-------+-------+-------+-------++-------
Melee: Hand axe          |    99 |   112 |   430 |   657 ||  1298
       Headbutt          |    13 |    18 |    92 |   149 ||   272
       Unarmed           |       |       |       |    20 ||    20
Invok: Depart the Abyss  |     1 |       |       |       ||     1
       Banish            |       |       |     4 |     6 ||    10
  Use: Scroll            |       |     7 |    10 |     3 ||    20
       Potion            |       |     3 |     4 |     8 ||    15
  Eat: Chunk             |     4 |     2 |    13 |    24 ||    43
       Ration            |       |     1 |     1 |     1 ||     3
Armor: Scale mail        |    29 |     6 |   144 |   183 ||   362
       Ring mail         |     5 |    30 |       |       ||    35
       Skin              |       |     3 |    42 |    14 ||    59
Dodge: Dodged            |    67 |    41 |   290 |   430 ||   828

Table legend:
 A = Spawn XP
 B = Non-spawn XP
 C = Spawn XP percentage of total XP
 D = Spawn monster count
 E = Non-spawn monster count
 F = Spawn count percentage of total count
 G = Total turns spent on level
                    A         B        C        D         E        F      G
               +---------+---------+-------+---------+---------+-------+---------
         Total |       0 |   22185 |   0.0 |       0 |     327 |   0.0 | 16926
               +---------+---------+-------+---------+---------+-------+---------
           D:1 |       0 |      36 |   0.0 |       0 |      21 |   0.0 |   948
           D:2 |       0 |      27 |   0.0 |       0 |      10 |   0.0 |   510
           D:3 |       0 |     217 |   0.0 |       0 |      39 |   0.0 |  1506
           D:4 |       0 |     342 |   0.0 |       0 |      22 |   0.0 |  1164
           D:5 |       0 |     892 |   0.0 |       0 |      29 |   0.0 |  1119
           D:6 |       0 |    1172 |   0.0 |       0 |      16 |   0.0 |   890
           D:7 |       0 |    1111 |   0.0 |       0 |      27 |   0.0 |  1603
           D:8 |       0 |    5605 |   0.0 |       0 |      44 |   0.0 |  2537
           D:9 |       0 |    4117 |   0.0 |       0 |      33 |   0.0 |  2276
          D:10 |       0 |     754 |   0.0 |       0 |       8 |   0.0 |   341
        Lair:1 |       0 |    4537 |   0.0 |       0 |      21 |   0.0 |  1422
        Lair:2 |       0 |    3065 |   0.0 |       0 |      18 |   0.0 |  1939
       Ossuary |       0 |     310 |   0.0 |       0 |      39 |   0.0 |   478
               +---------+---------+-------+---------+---------+-------+---------
